 Dungeon Crawl Stone Soup version 0.18.1-48-g4cf74bf (webtiles) character file.

124 Gargoyl the Skirmisher (level 4, -2/36 HPs)
             Began as a Demonspawn Abyssal Knight on Sept 7, 2016.
             Was a Believer of Lugonu.
             Slain by an adder (4 damage)
             ... on level 3 of the Dungeon.
             The game lasted 00:03:59 (2197 turns).

Gargoyl the Skirmisher (Demonspawn Abyssal Knight)  Turns: 2197, Time: 00:04:00

Health: -2/36      AC:  8    Str: 13    XL:     4   Next: 81%
Magic:  6/6        EV:  9    Int: 14    God:    Lugonu [**....]
Gold:   189        SH:  0    Dex: 12    Spells: 0 memorised, 3 levels left

rFire  . . .     SeeInvis .     a - +1 hand axe
rCold  . . .     Gourm    .     f - +0 scale mail
rNeg   . . .     Faith    .     (no shield)
rPois  .         Spirit   .     (no helmet)
rElec  .         Dismiss  .     (no cloak)
rCorr  .         Reflect  .     e - +0 pair of gloves
SustAt .         Harm     .     (no boots)
MR     .....                    s - amulet of regeneration
Stlth  +.........               (no ring)
                                (no ring)

@: lethally poisoned (-2 -> -5), not resistant to hostile enchantments, very
unstealthy
A: nightstalker 1
a: Depart the Abyss, Bend Space, Renounce Religion


You were on level 3 of the Dungeon.
You worshipped Lugonu.
Lugonu was pleased with you.
You were not hungry.

You visited 1 branch of the dungeon, and saw 3 of its levels.
You visited the Abyss 1 time.

You collected 189 gold pieces.

Inventory:

Hand Weapons
 a - a +1 hand axe (weapon)
Armour
 e - a +0 pair of gloves (worn)
 f - a +0 scale mail (worn)
Jewellery
 s - an amulet of regeneration (around neck)
Scrolls
 b - 2 scrolls of identify {unknown}
 d - a scroll of torment {unknown}
 k - a scroll of teleportation {unknown}
 l - a scroll of fog {unknown}
 m - a scroll of enchant weapon {unknown}
 o - 2 scrolls of amnesia {unknown}
 q - a scroll of magic mapping {unknown}
 r - a scroll of fear {unknown}
 t - a scroll of blinking {unknown}
Potions
 j - a potion of resistance
Comestibles
 c - 3 bread rations
 g - 2 beef jerkies
 h - a meat ration
 u - 7 chunks of flesh


   Skills:
 + Level 3.6 Fighting
 + Level 2.4 Axes
 * Level 3.2 Armour
 + Level 1.6 Dodging
 + Level 0.2 Stealth
 + Level 2.8 Invocations


You had 3 spell levels left.
You didn't know any spells.

Dungeon Overview and Level Annotations

Branches:
Dungeon (3/15)

Altars:
Sif Muna


Innate Abilities, Weirdness & Mutations

You are slightly more attuned to the shadows.


Message History

Drink which item? (? for menu, Esc to quit)
It was a potion of cancellation.
Your magical effects are unravelling.
You feel magically purged.
You feel a little less mighty now.
Your resistance to elements expires.
The jackal bites you but does no damage.
The adder bites you but does no damage.
The jackal bites you but does no damage.
You barely miss the adder.
The adder is moderately wounded.
You barely miss the jackal.
The jackal is heavily wounded.
You feel less woody.
Your +0 pair of gloves unmelds from your body.
Your +0 scale mail unmelds from your body.
* * * LOW HITPOINT WARNING * * *
You feel sick.
The jackal bites you but does no damage.
The adder bites you.
You die...

.......# .......+ ...
.. .......# #.. ..
.......# #.###.#####
.(!....# #.#.......
.....h.####.#.....#
#S@†..#.#.....# .
#.....'.......# ..
#.....##......##...
...#+#####..#........
#.#. #..#........ #.
.. #####..#........ #
.. #...##.#.#####..
.. #...##.#.#
#......).#


You could see an adder and a jackal.

Vanquished Creatures
  Jessica (D:2)
  A gnoll (D:1)
  4 adders
  2 dart slugs (D:2)
  A giant gecko (D:1)
  5 orcs (D:3)
  2 giant cockroaches
  2 hobgoblins
  4 jackals
  A ball python (D:1)
  4 bats
  5 giant newts
  2 goblins
  7 kobolds
  5 rats
46 creatures vanquished.

Notes
Turn   | Place    | Note
--------------------------------------------------------------
     0 | Abyss:1  | Gargoyl the Demonspawn Abyssal Knight began the quest for the Orb.
     0 | Abyss:1  | Reached XP level 1. HP: 18/18 MP: 2/2
    73 | Abyss:2  | Found a corrupted altar of Lugonu.
   117 | Abyss:2  | Noticed a small abomination
   119 | Abyss:2  | Noticed a large abomination
   144 | Abyss:4  | Found a corrupted altar of Lugonu.
   144 | Abyss:4  | Noticed a lightning spire
   144 | Abyss:4  | Noticed a lightning spire
   144 | Abyss:4  | Noticed a lightning spire
   144 | Abyss:4  | Noticed a raiju
   144 | Abyss:4  | Noticed a raiju
   144 | Abyss:4  | Noticed a lightning spire
   146 | Abyss:4  | Noticed a raiju
   147 | D:1      | Escaped the Abyss
   571 | D:1      | Reached * piety under Lugonu
   573 | D:1      | Gained mutation: You are slightly more attuned to the shadows. [demonic ancestry]
   573 | D:1      | Reached XP level 2. HP: 22/24 MP: 3/3
  1207 | D:2      | Reached skill level 1 in Dodging
  1282 | D:2      | Noticed Jessica
  1290 | D:2      | Killed Jessica
  1290 | D:2      | Reached XP level 3. HP: 16/29 MP: 3/5
  1496 | D:2      | Reached XP level 4. HP: 35/35 MP: 6/6
  1918 | D:2      | Found a deep blue altar of Sif Muna.
  1959 | D:3      | Reached ** piety under Lugonu
  2197 | D:3      | Slain by an adder

Skill      XL: |  1  2  3  4 |
---------------+-------------+-----
Armour         | 2 3 |  3.2
Axes           | 2 |  2.4
Dodging        | 1 |  1.6
Fighting       | |  3.6
Stealth        | |  0.2
Invocations    | |  2.8

Action                   |  1- 3 |  4- 6 || total
-------------------------+-------+-------++-------
Melee: Hand axe          |    86 |    80 ||   166
Invok: Depart the Abyss  |     1 |       ||     1
  Use: Potion            |       |     4 ||     4
  Eat: Chunk             |     2 |     2 ||     4
Armor: Scale mail        |    44 |    54 ||    98
       Skin              |       |    16 ||    16
Dodge: Dodged            |    51 |    53 ||   104
